 Dungeon Crawl Stone Soup version 0.26-a0-631-ged93497179 (webtiles) character file.

Game seed: 9973719069600778968

84 MrRokkomies the Sneak (level 4, 0/38 HPs)
             Began as a Demigod Delver on Sept 12, 2020.
             Succumbed to an orc's poison
             ... on level 3 of the Dungeon.
             The game lasted 00:04:15 (1464 turns).

MrRokkomies the Sneak (Demigod Delver)              Turns: 1464, Time: 00:04:16

Health: 0/38       AC: 11    Str: 15    XL:     4   Next: 3%
Magic:  6/6        EV:  7    Int: 16    God:
Gold:   64         SH:  0    Dex: 17    Spells: 3/3 levels left

rFire    . . .     SeeInvis .   q - +0 broad axe
rCold    . . .     Faith    .   (no shield)
rNeg     . . .     Spirit   .   l - +0 chain mail
rPois    .         Reflect  .   (no helmet)
rElec    .         Harm     .   (no cloak)
rCorr    .         Rampage  .   h - +1 pair of gloves
MR       .....                  n - +0 pair of boots
Stlth    ..........             (no amulet)
HPRegen  0.12/turn              (no ring)
MPRegen  0.10/turn              (no ring)

@: lethally poisoned (0 -> -19), studying Staves, invisible
A: high mp 1
a: no special abilities


You were on level 3 of the Dungeon.
You visited 1 branch of the dungeon, and saw 3 of its levels.

You collected 64 gold pieces.

Inventory:

Hand Weapons
 a - a +0 falchion
 j - a +0 arbalest
 q - a +0 broad axe (weapon)
 v - a +1 trident of venom
Missiles
 s - 5 javelins (quivered)
Armour
 b - a +0 leather armour
 e - a +0 ring mail
 h - a +1 pair of gloves (worn)
 l - a +0 chain mail (worn)
 n - a +0 pair of boots (worn)
Wands
 g - a wand of digging (3)
 t - a wand of disintegration (20)
Scrolls
 c - a scroll of fog
 d - a scroll of magic mapping
 i - a scroll of amnesia {unknown}
 k - 2 scrolls of identify {unknown}
 m - 2 scrolls of silence {unknown}
 o - a scroll of noise {unknown}
 u - a scroll of immolation {unknown}
Potions
 f - a potion of haste
 r - a potion of invisibility
Books
 p - a manual of Staves


   Skills:
 * Level 3.5 Fighting
 - Level 2.5 Long Blades
 * Level 1.1 Armour
 + Level 2.4 Dodging
 - Level 4.5 Stealth


You had 3 spell levels left.
You didn't know any spells.
Your spell library was empty.

Dungeon Overview and Level Annotations

Branches:
Dungeon (5/15)
 Temple: D:4-7


Innate Abilities, Weirdness & Mutations

You have an increased reservoir of magic. (+10% MP)


Message History

An orc comes into view.
* * * LOW HITPOINT WARNING * * *
You feel very sick.
The orc shouts!
You see here a +1 trident of venom.
v - a +1 trident of venom
* * * LOW HITPOINT WARNING * * *
You feel sick. The orc hits you.
* * * LOW HITPOINT WARNING * * *
You hit the orc but do no damage.
* * * LOW HITPOINT WARNING * * *
You feel very sick. The orc hits you but does no damage.
You slash the orc!
You kill the orc!
* * * LOW HITPOINT WARNING * * *
You feel very sick.
It was a potion of invisibility.
You fade into invisibility!
You die...

##.## #.### ..## #..#
#...# ##.....######.##
###.# .........##..#
##.# ... ##..รท.## #...
#.. #..(#..#### #...
###.o###.####....###...
#...)#.[.# ####.......
#.....@##### ####....
###........## #....
#..!####..# ##...
.......# ##.#######....
.....### #.##.........
#...# #....########
#.## ##...######## ..
##.#........#
...............


There were no monsters in sight!

Vanquished Creatures
  A worker ant (D:4)
  2 adders
  An ooze (D:3)
  A worm (D:4)
  A dart slug (D:3)
  2 leopard geckos
  7 orcs (D:3)
  A ball python (D:3)
  2 bats (D:3)
  2 giant cockroaches
  A hobgoblin (D:3)
  2 quokkas
  A frilled lizard (D:3)
  A giant cockroach zombie (D:4)
25 creatures vanquished.

Notes
Turn   | Place    | Note
-------+----------+-------------------------------------------
     0 | D:5      | MrRokkomies the Demigod Delver began the quest for the Orb.
     0 | D:5      | Reached XP level 1. HP: 18/18 MP: 3/3
     3 | D:5      | Noticed a worker ant
    25 | D:5      | Noticed a scorpion
   142 | D:5      | Noticed an ogre
   151 | D:4      | Noticed a scorpion
   215 | D:4      | Noticed a worker ant
   230 | D:4      | Killed a worker ant
   230 | D:4      | Reached XP level 2. HP: 20/26 MP: 4/4
   758 | D:4      | Reached XP level 3. HP: 22/31 MP: 5/5
  1198 | D:3      | Found a blossoming altar of Fedhas.
  1450 | D:3      | Reached skill level 1 in Armour
  1459 | D:3      | Reached XP level 4. HP: 17/38 MP: 6/6
  1464 | D:3      | Succumbed to an orc's poison

Illustrated notes

Levels and vault maps discovered:
D:3:      layout_rooms, hangedman_decor_growths, fedhas_altar_4
D:4:      layout_gridville, serial_glass, glass_columns_a, glass_columns_c,
          glass_columns_b, glass_columns_a, glass_columns_b, glass_columns_a,
          glass_columns_a, glass_columns_b, ebering_ghost_disaster_area,
          minmay_manual_mail
D:5:      cheibrodos_helix_gallery, layout_loops_ring,
          kennysheep_vampire_church, minmay_temple_entry_butterflies,
          uniq_blork_the_orc

Skill      XL: |  1  2  3 |
---------------+----------+-----
Fighting       | 3 |  3.5
Long Blades    | 2 |  2.5
Dodging        | 2 |  2.4
Armour         | 1 |  1.1
Stealth        | |  4.5

Action                   |  1- 3 |  4- 6 || total
-------------------------+-------+-------++-------
Melee: Falchion          |    38 |       ||    38
       Broad axe         |    52 |     2 ||    54
  Use: Potion            |     1 |     1 ||     2
       Scroll            |     1 |       ||     1
Armor: Ring mail         |    12 |       ||    12
       Chain mail        |    40 |     1 ||    41
Dodge: Dodged            |    58 |       ||    58
       Rpst.: Falchion   |     7 |       ||     7

Table legend: (Time is in decaauts)
 A = Elapsed time spent in this place.
 B = Non-inter-level travel time spent in this place.
 C = Inter-level travel time spent in this place.
 D = Time resting spent in this place.
 E = Time spent auto-exploring this place.
 F = Levels seen in this place.
 G = Mean time per level.
                   A        B        C        D        E       F      G
               +--------+--------+--------+--------+--------+-----+--------+
         Total |   1502 |   1502 |      0 |    563 |    555 |   3 |  500.7 |
       Dungeon |   1502 |   1502 |      0 |    563 |    555 |   3 |  500.7 |
               +--------+--------+--------+--------+--------+-----+--------+

Top non-repeatable levels by time:
     D:4: 709 daAuts
     D:3: 641 daAuts
     D:5: 151 daAuts
